Map: Dusk Towers

Players

Majin

  • Race: Zerg Zerg
  • League: Master

MCanning - Winner!

  • Race: Protoss Protoss
  • League: Grandmaster

VOD

Have the link to the VOD?

Description

Time

  • Played on: Jan. 17, 2016, 8:19 p.m.
  • Length: 10:22
Show
View Real Time Build Order
Export as new Build Order

Majin Zerg 

Build Orders: 3 Hatch before Pool, Lurkers 

Get SALT Encoding   

  12  0:01  Drone  
  13  0:12  Overlord  
  13  0:17  Drone  
  14  0:30  Drone x2  
  14  0:34  Drone  
  17  0:54  Hatchery  
  17  0:56  Drone  
  17  1:00  Drone  
  18  1:06  Drone  
  19  1:24  Hatchery  
  18  1:36  Spawning Pool  
  18  1:38  Drone  
  18  1:42  Extractor  
  18  1:43  Drone  
  19  1:47  Drone  
  19  1:49  Drone  
  20  2:00  Drone  
  21  2:08  Drone  
  21  2:11  Drone  
  23  2:17  Drone  
  23  2:22  Overlord  
  24  2:24  Queen  
  24  2:28  Queen  
  28  2:37  Queen  
  28  2:44  Metabolic Boost  
  30  2:45  Drone  
  30  2:51  Spine Crawler  
  30  2:52  Drone  
  30  2:54  Zergling x2  
  30  2:57  Zergling x2  
  33  3:00  Zergling x2  
  33  3:02  Zergling x2  
  33  3:05  Drone  
  36  3:07  Drone  
  36  3:10  Drone  
  36  3:12  Drone  
  39  3:14  Drone  
  39  3:17  Drone  
  39  3:19  Drone  
  42  3:23  Overlord  
  42  3:31  Lair  
  42  3:38  Overlord  
  42  3:39  Overlord  
  41  3:44  Drone x3  
  41  3:45  Drone  
  45  3:48  Drone  
  45  3:50  Drone  
  45  3:51  Drone  
  45  3:55  Overlord  
  48  3:59  Drone x2  
  50  4:02  Overlord  
  50  4:10  Roach Warren  
  50  4:13  Drone x2  
  50  4:14  Drone x2  
  53  4:17  Drone x2  
  53  4:18  Drone  
  56  4:29  Drone x3  
  56  4:30  Drone  
  60  4:33  Hydralisk Den  
  60  4:35  Drone x5  
  60  4:36  Drone  
  60  4:38  Drone, Extractor  
  65  4:40  Drone, Extractor x2  
  65  4:43  Extractor  
  65  4:44  Extractor  
  62  4:47  Drone x2  
  62  4:48  Drone x3  
  68  4:52  Drone  
  68  4:53  Drone x3  
  68  4:57  Overlord  
  68  4:58  Drone  
  71  5:03  Infestation Pit  
  70  5:22  Drone  
  70  5:23  Lurker Den  
  70  5:24  Overlord  
  70  5:25  Overlord  
  70  5:26  Zergling x16  
  79  5:30  Overlord  
  79  5:32  Overlord  
  79  5:33  Overseer  
  79  5:34  Hatchery  
  78  5:35  Pneumatized Carapace  
  78  5:39  Drone x2  
  78  5:40  Drone  
  78  5:41  Drone  
  82  5:50  Overlord x2  
  82  6:04  Hydralisk x2  
  82  6:05  Hydralisk x6  
  82  6:09  Hydralisk x2  
  102  6:19  Glial Reconstitution  
  102  6:24  Roach x6  
  114  6:44  Zergling x16  
  122  6:53  Hydralisk  
  124  6:55  Hydralisk x4  
  124  6:57  Zergling x6  
  124  7:00  Overlord x3  
  135  7:05  Overlord  
  135  7:06  Overlord  
  135  7:08  Muscular Augments  
  135  7:11  Spore Crawler  
  135  7:12  Overseer  
  135  7:14  Spine Crawler  
  135  7:15  Lurker  
  134  7:16  Lurker  
  134  7:18  Overlord  
  134  7:20  Lurker x3  
  134  7:21  Lurker  
  140  7:22  Zergling x2  
  140  7:23  Zergling x10  
  140  7:25  Lurker  
  140  7:27  Zergling x2  
  140  7:28  Zergling x6  
  140  7:29  Zergling x6  
  153  7:30  Zergling x2  
  153  7:32  Zergling x4  
  152  7:55  Hydralisk x4  
  152  7:56  Hydralisk x2  
  152  7:58  Drone x5  
  162  7:59  Drone x2  
  162  8:02  Hydralisk x2  
  166  8:12  Hydralisk x4  
  149  8:14  Hydralisk  
  149  8:19  Hydralisk x2  
  161  8:22  Lurker  
  135  8:39  Hydralisk x4  
  135  8:41  Lurker x2, Zergling x6  
  128  8:42  Lurker, Zergling x8  
  128  8:44  Zergling x2  
  128  8:45  Zergling x2  
  122  8:57  Lurker x2  
  122  8:58  Zergling x12  
  124  9:05  Zergling x4  
  124  9:08  Overseer  
  126  9:11  Lurker x2  
  126  9:13  Drone x2  
  126  9:14  Zergling x4  
  126  9:15  Zergling x10  
  137  9:18  Hydralisk  
  139  9:29  Zergling x2  
  139  9:30  Zergling x2  
  122  9:42  Drone x3  
  122  9:43  Drone  
  123  9:52  Hydralisk  
  123  9:53  Hydralisk x7  
  123  9:55  Roach  
  123  9:56  Roach  
  123  9:57  Hydralisk  
  123  9:58  Lurker  
  105  10:16  Lurker  
Show
View Real Time Build Order
Export as new Build Order

MCanning Protoss - Winner!

Build Orders: Nexus First, Zealot Archon 

Get SALT Encoding   

  12  0:00  Probe (Chrono Boost)  
  13  0:11  Probe (Chrono Boost)  
  14  0:21  Pylon  
  14  0:22  Probe (Chrono Boost)  
  15  0:39  Probe (Chrono Boost)  
  17  0:50  Probe (Chrono Boost)  
  17  0:57  Nexus  
  17  1:07  Gateway  
  17  1:11  Probe (Chrono Boost)  
  18  1:19  Assimilator  
  18  1:22  Probe (Chrono Boost)  
  18  1:24  Assimilator  
  20  1:32  Probe (Chrono Boost)  
  20  1:43  Probe (Chrono Boost)  
  21  1:50  Gateway  
  21  1:54  Probe (Chrono Boost)  
  22  1:56  Cybernetics Core  
  22  2:04  Probe (Chrono Boost)  
  23  2:11  Probe (Chrono Boost)  
  23  2:15  Probe (Chrono Boost)  
  25  2:21  Probe (Chrono Boost)  
  26  2:25  Probe (Chrono Boost)  
  27  2:32  Probe (Chrono Boost)  
  27  2:35  Probe (Chrono Boost)  
  27  2:36  Adept (Chrono Boost)  
  31  2:38  Adept (Chrono Boost)  
  31  2:42  Warp Gate  
  33  2:45  Probe  
  33  2:48  Mothership Core (Chrono Boost)  
  36  2:51  Pylon  
  36  2:58  Probe (Chrono Boost)  
  37  3:08  Probe (Chrono Boost)  
  37  3:09  Sentry x2, Probe (Chrono Boost)  
  43  3:18  Probe (Chrono Boost)  
  44  3:20  Probe (Chrono Boost)  
  44  3:25  Nexus  
  45  3:29  Probe (Chrono Boost)  
  46  3:34  Pylon  
  46  3:39  Probe (Chrono Boost)  
  46  3:40  Probe (Chrono Boost)  
  44  3:50  Pylon  
  44  3:51  Probe (Chrono Boost)  
  44  3:53  Sentry x2  
  44  3:54  Probe (Chrono Boost)  
  50  3:57  Assimilator  
  50  4:02  Probe (Chrono Boost), Assimilator  
  51  4:05  Probe (Chrono Boost)  
  51  4:06  Robotics Facility  
  51  4:09  Gateway  
  52  4:13  Probe (Chrono Boost)  
  52  4:15  Probe (Chrono Boost)  
  54  4:17  Gateway  
  54  4:23  Probe (Chrono Boost)  
  55  4:26  Probe (Chrono Boost)  
  55  4:27  Pylon  
  56  4:32  Pylon  
  56  4:34  Probe (Chrono Boost)  
  56  4:36  Forge  
  57  4:39  Probe x2 (Chrono Boost)  
  57  4:44  Probe (Chrono Boost)  
  60  4:49  Sentry, Probe (Chrono Boost)  
  63  4:53  Twilight Council, Probe (Chrono Boost)  
  63  4:56  Probe (Chrono Boost)  
  63  4:58  Zealot  
  63  4:59  Observer (Chrono Boost)  
  67  5:00  Probe (Chrono Boost)  
  67  5:02  Probe  
  67  5:05  Probe  
  70  5:12  Probe (Chrono Boost)  
  70  5:13  Protoss Ground Weapons Level 1 (Chrono Boost)  
  72  5:15  Probe (Chrono Boost)  
  72  5:17  Probe (Chrono Boost), Robotics Facility  
  72  5:18  Observer  
  72  5:20  Pylon  
  75  5:24  Probe (Chrono Boost)  
  75  5:27  Probe (Chrono Boost)  
  78  5:28  Probe (Chrono Boost)  
  78  5:30  Pylon  
  78  5:31  Dark Shrine  
  78  5:35  Assimilator  
  78  5:38  Stalker x2  
  78  5:39  Assimilator  
  78  5:40  Observer (Chrono Boost)  
  78  5:42  Probe (Chrono Boost)  
  84  5:49  Probe  
  84  5:54  Pylon  
  84  5:56  Gateway  
  85  5:57  Gateway  
  85  5:59  Immortal (Chrono Boost), Charge (Chrono Boost)  
  89  6:05  Probe  
  89  6:07  Immortal (Chrono Boost)  
  89  6:09  Pylon  
  94  6:25  Zealot x4  
  100  6:30  Immortal  
  102  6:38  Immortal  
  102  6:39  Pylon  
  106  6:40  Pylon  
  106  6:45  Gateway  
  110  6:48  Dark Templar  
  110  6:50  Dark Templar  
  114  6:55  Dark Templar  
  114  6:59  Zealot x3  
  122  7:04  Immortal  
  122  7:08  Templar Archives  
  122  7:10  Gateway  
  122  7:12  Immortal  
  126  7:22  Gateway x2  
  130  7:23  Zealot x2  
  130  7:28  Zealot x3  
  140  7:32  Pylon  
  138  7:37  Protoss Ground Weapons Level 2 (Chrono Boost)  
  136  7:47  High Templar x2  
  140  7:51  Dark Templar x2  
  140  7:53  Archon  
  140  7:55  Archon  
  140  7:56  Zealot  
  140  7:57  Zealot  
  148  8:00  Pylon  
  148  8:03  Pylon  
  148  8:04  Pylon  
  146  8:06  Pylon  
  146  8:08  Observer  
  146  8:09  Zealot x2  
  137  8:20  Immortal  
  137  8:21  Zealot x3  
  137  8:22  Zealot  
  137  8:24  Zealot x2  
  153  8:29  Colossus  
  143  8:38  Zealot x2  
  143  8:52  Nexus, High Templar x3  
  143  8:53  High Templar x2  
  143  8:55  Pylon  
  153  8:56  Pylon  
  153  9:00  Archon  
  153  9:01  Archon  
  153  9:02  Zealot x3  
  149  9:07  Probe  
  152  9:10  Pylon  
  151  9:17  Zealot x2  
  151  9:19  Probe  
  156  9:27  Zealot  
  156  9:28  Zealot x5  
  156  9:29  Zealot  
  155  9:40  Observer  
  155  9:45  Probe  
  152  9:50  Photon Cannon  
  152  9:51  Probe  
  152  9:52  Photon Cannon  
  153  9:57  Observer  
  154  10:13  Zealot x2  
  154  10:14  Zealot x4  
Tags
 
Add a new tag
Caveats
  • Supply blocks, unpowered buildings, or Contaminate may cause inaccurate times.
  • Supply counts are checked every 10 seconds.